 Dungeon Crawl Stone Soup version 0.30-a0-586-g23e55c9e0a (webtiles) character file.

Game seed: 14243599141232715597

22215 Twinkles the Fighter (level 12, -11/118 HPs)
             Began as a Minotaur Cinder Acolyte on Jan 3, 2023.
             Was a High Priest of Ignis.
             Mangled by a bog body (21 damage)
             ... on level 2 of the Lair of Beasts.
             The game lasted 00:52:12 (16600 turns).

Twinkles the Fighter (Minotaur Cinder Acolyte)     Turns: 16600, Time: 00:52:13

Health: -11/118    AC: 20    Str: 32    XL:     12   Next: 61%
Magic:  12/12      EV: 11    Int: 11    God:    Ignis [*****.]
Gold:   829        SH: 11    Dex:  9    Spells: 11/13 levels left

rFire   + . .      SeeInvis .    a - +7 whip of the Jester {flame, Str+5}
rCold   . . .      Faith    .    A - +2 kite shield
rNeg    . . .      Spirit   .    q - +0 chain mail
rPois   .          Reflect  .    (helmet restricted)
rElec   .          Harm     .    F - +2 cloak
rCorr   +          Rampage  .    D - +1 pair of gloves
Will    .....                    (no boots) Stlth
                                 V - amulet of the acrobat
HPRegen 0.39/turn                g - +6 ring of strength
MPRegen 0.13/turn                G - ring of resist corrosion

@: fiery-armoured
A: horns 2, retaliatory headbutt
a: Renounce Religion, Fiery Armour, Foxfire Swarm, Rising Flame


You were on level 2 of the Lair of Beasts.
You worshipped Ignis.
Ignis was extremely pleased with you.
You visited 2 branches of the dungeon, and saw 14 of its levels.
You also visited: Sewer.

You collected 829 gold pieces.

Inventory:

Hand Weapons
 a - the +7 whip of the Jester (weapon) {flame, Str+5}
   (You found it on level 4 of the Dungeon)

   It burns those it strikes, dealing additional fire damage.
   Str:       It affects your strength (+5).
 b - a +1 sling of flaming
 R - a +0 morningstar
 S - a +4 war axe of freezing
 W - the +7 dagger "Qostug" {elec, rF+ Str+2}
   (You found it on level 1 of the Lair of Beasts)

   It occasionally discharges a powerful burst of electricity upon striking a
   foe.
   Str:       It affects your strength (+2).
   rF:        It protects you from fire.
Missiles
 e - 9 curare-tipped darts
 t - 37 poisoned darts (quivered)
Armour
 m - a +2 leather armour of cold resistance
 q - a +0 chain mail (worn)
 A - a +2 kite shield (worn)
 D - a +1 pair of gloves (worn)
 F - a +2 cloak (worn)
Jewellery
 g - a +6 ring of strength (left hand)
 h - a ring of protection from fire
 r - a ring of wizardry
 u - a ring of fire
 x - a ring of flight
 G - a ring of resist corrosion (right hand)
 V - an amulet of the acrobat (around neck)
Wands
 i - a wand of iceblast (10)
 p - a wand of paralysis (14)
Scrolls
 d - a scroll of brand weapon
 f - a scroll of immolation {unknown}
 j - a scroll of butterflies {unknown}
 n - a scroll of fog {unknown}
 o - 3 scrolls of enchant weapon
 s - 2 scrolls of poison
 v - 3 scrolls of enchant armour
 y - 3 scrolls of amnesia
 C - a scroll of blinking {unknown}
 E - 5 scrolls of fear
 H - a scroll of torment {unknown}
 O - a scroll of silence {unknown}
 T - a scroll of vulnerability {unknown}
 X - a scroll of magic mapping
 Y - 7 scrolls of teleportation
Potions
 c - a potion of experience {unknown}
 k - 2 potions of cancellation {unknown}
 l - 2 potions of haste {unknown}
 w - a potion of degeneration {unknown}
 z - a potion of ambrosia {unknown}
 B - 4 potions of brilliance
 I - 3 potions of invisibility
 J - 8 potions of curing
 K - 2 potions of lignification {unknown}
 L - 3 potions of flight
 M - 3 potions of might
 N - 3 potions of heal wounds
 P - 2 potions of attraction {unknown}
 Q - a potion of magic
 U - 7 potions of mutation


   Skills:
 + Level 14.3 Fighting
 - Level 6.7(10.6) Axes
 + Level 12.7(13.4) Maces & Flails
 + Level 1.1 Armour
 - Level 12.6 Dodging
 - Level 8.0 Shields
 - Level 1.0 Spellcasting
 - Level 2.2 Fire Magic


You had 11 spell levels left.
You knew the following spells:

 Your Spells              Type           Power      Damage    Failure   Level
a - Scorch                Fire           10%        2d5       94%         2

Your spell library contained the following spells:

 Spells                   Type           Power      Damage    Failure   Level
 Apportation              Tloc           0%         N/A       99%         1
 Ensorcelled Hibernation  Hex/Ice        0%         N/A       99%         2
 Static Discharge         Conj/Air       0%         2-2/arc   99%         2
 Sublimation of Blood     Necr           0%         N/A       99%         2
 Wereblood                Tmut           0%         N/A       99%         2
 Spider Form              Tmut/Pois      0%         N/A       100%        3
 Vhi's Electric Charge    Tloc/Air       0%         N/A       100%        3
 Anguish                  Hex/Necr       0%         N/A       100%        4
 Alistair's Intoxication  Tmut/Pois      0%         N/A       100%        5
 Arcjolt                  Conj/Air       0%         1d10      100%        5
 Lightning Bolt           Conj/Air       0%         1d11      100%        5
 Summon Hydra             Summ           0%         N/A       100%        7


Dungeon Overview and Level Annotations

Branches:
Dungeon (11/15) Zot: 25237  Temple (0/1) D:4            Lair (3/5) D:11 Zot: 14901
  Swamp (0/4) Lair:3       Spider (0/4) Lair:2          Orc (0/2) D:9
  Sewer (visited)

Altars:
Ashenzari
Elyvilon
Fedhas
Kikubaaqudgha
Nemelex Xobeh
Okawaru
Trog
Wu Jian

Shops:
D:6 :

Portals:
Trove: D:11 (give +2 shadow dragon scales)

Annotations:
D:1 2 transporters
D:3 2 exclusions
D:10 2 transporters, exclusions: electric eel and 1 more exclusion


Innate Abilities, Weirdness & Mutations

You have a pair of horns on your head.
You reflexively headbutt those who attack you in melee.


Message History

There is a stone staircase leading up here.
You closely miss the bog body. You block the bog body's attack.
You hit the bog body. Your headbutt misses the bog body.
The bog body is lightly damaged.
You barely miss the bog body.
The bog body is lightly damaged.
The bog body touches you! The bog body freezes you!
You hit the bog body.
The bog body is lightly damaged.
The bog body gestures at you while chanting.
You resist with significant effort.
A bog body comes into view.
You whack the bog body! You burn the bog body.
Your headbutt misses the bog body.
The bog body is heavily damaged.
The bog body touches you! The bog body freezes you!
You climb upwards.
There is a stone staircase leading down here.
You whack the bog body! You burn the bog body. You headbutt the bog body.
The bog body is almost destroyed.
The bog body touches you! The bog body freezes you!!
You barely miss the bog body.
The bog body is almost destroyed.
The bog body touches you!
* * * LOW HITPOINT WARNING * * *
The bog body freezes you!
* * * LOW HITPOINT WARNING * * *
A protective cloak of flame settles atop you.
You block the bog body's attack.
You barely miss the bog body.
The bog body is almost destroyed.
You hit the bog body but do no damage. You headbutt the bog body.
The bog body is almost destroyed.
The bog body closely misses you.
You barely miss the bog body. Your headbutt misses the bog body.
The bog body is almost destroyed.
The bog body touches you.
* * * LOW HITPOINT WARNING * * *
The bog body freezes you!!
You die...

###.#.^^##....'..........#.#....>
#.#.####^^..#..........#.#..#..#
#....#....##............###.#...
##.P.########..........## #..#.#
##.### ##.##.P.#.## #..... #..#
#.#####..# #.#.P. ##.# ######...#
##..#. #.### ##....### ##...
#.#.# ##@.#.## ###. #..##
##.n#### #. ##.## #.#'######
####. #...# #........# ##..<.
#...# #......(.# #..... #..##
#........#######.... ##.#
#........P##...'.... #.##
#.........#....#<... #..#
#............###....


You could see a bog body.

Vanquished Creatures
  Gastronok (D:8)
  A two-headed ogre (D:10)
  Nergalle (Lair:1)
  A deep elf pyromancer (D:7)
  2 oklob plants (Lair:1)
  A manticore (D:11)
  A black mamba (Lair:1)
  5 cane toads
  4 molten gargoyles (D:11)
  8 komodo dragons
  3 kobold demonologists
  Psyche (D:9)
  2 rime drakes
  2 trolls (D:10)
  2 hornets
  A polar bear (Lair:1)
  Grinder (D:4)
  4 blink frogs (Lair:2)
  21 yaks
  2 wyverns
  A culicivora (Lair:2)
  Grum (D:9)
  A steam dragon (D:9)
  4 water moccasins
  3 orc warriors
  2 sky beasts (D:7)
  4 ice beasts
  2 black bears (D:5)
  4 centaurs
  2 ogres
  8 wolves
  Blork the orc (D:6)
  7 kobold brigands
  3 phantoms
  5 bullfrogs
  4 gnoll sergeants
  A scorpion (D:5)
  4 wights
  13 killer bees
  A howler monkey (D:9)
  5 hounds
  A jelly (D:6)
  9 orc priests
  Crazy Yiuf (D:4)
  5 gnoll boudas
  4 iguanas
  12 orc wizards
  30 gnolls
  11 adders
  7 river rats
  An ufetubus (D:4)
  5 worms
  3 dart slugs
  35 orcs
  6 bats
  7 endoplasms
  A giant cockroach (D:3)
  5 goblins
  3 hobgoblins
  4 jackals
  21 kobolds
  2 quokkas (D:2)
  10 ball pythons
  2 frilled lizards (Sewer)
  7 rats
332 creatures vanquished.

Vanquished Creatures (others)
  An orc wizard (D:3)
  3 kobolds
  7 fungi (Lair:2)
  52 plants
63 creatures vanquished.

Grand Total: 395 creatures vanquished

Notes
Turn   | Place    | Note
-------+----------+-------------------------------------------
     0 | D:1      | Twinkles the Minotaur Cinder Acolyte began the quest for
                  | the Orb.
     0 | D:1      | Reached XP level 1. HP: 19/19 MP: 1/1
   143 | D:1      | Reached XP level 2. HP: 23/27 MP: 2/2
   695 | D:2      | Reached skill level 4 in Fighting
   868 | D:2      | Reached skill level 1 in Dodging
   903 | D:2      | Reached XP level 3. HP: 33/33 MP: 3/3
   954 | D:2      | Found a faded altar of an unknown god.
  1005 | D:2      | Reached skill level 1 in Shields
  1008 | D:2      | Learned a level 2 spell: Scorch
  1335 | D:3      | Found a glowing drain.
  1363 | D:3      | Reached XP level 4. HP: 27/41 MP: 4/4
  1414 | Sewer    | Entered a sewer
  1514 | Sewer    | Noticed a kobold brigand
  1813 | Sewer    | Killed a kobold brigand
  1814 | Sewer    | Reached XP level 5. HP: 35/47 MP: 5/5
  2118 | Sewer    | HP: 10/47 [kobold brigand/+3 dagger of protection (8)]
  2128 | Sewer    | HP: 9/47 [kobold brigand/+3 dagger of protection (6)]
  2132 | Sewer    | Reached skill level 5 in Fighting
  2132 | Sewer    | Reached skill level 5 in Axes
  2132 | Sewer    | Reached XP level 6. HP: 8/56 MP: 6/6
  2582 | D:3      | Found a blossoming altar of Fedhas.
  3276 | D:4      | Found a runed translucent door.
  3277 | D:4      | Noticed Crazy Yiuf
  3337 | D:4      | Reached XP level 7. HP: 50/62 MP: 7/7
  3630 | D:4      | Identified the +7 whip of the Jester {flame, Str+5}
  3757 | D:4      | Noticed Grinder
  3854 | D:4      | Reached skill level 6 in Fighting
  3864 | D:4      | Killed Grinder
  3921 | D:4      | Found a staircase to the Ecumenical Temple.
  4183 | D:4      | Paralysed by Crazy Yiuf for 5 turns
  4188 | D:4      | Killed Crazy Yiuf
  4355 | D:5      | Entered Level 5 of the Dungeon
  4597 | D:4      | Reached skill level 5 in Shields
  4714 | D:5      | Reached XP level 8. HP: 65/71 MP: 8/8
  4838 | D:5      | Reached skill level 5 in Dodging
  4922 | D:5      | Reached skill level 1 in Maces & Flails
  5014 | D:5      | Reached skill level 7 in Fighting
  5218 | D:5      | Found a sparkling altar of Nemelex Xobeh.
  5368 | D:6      | Noticed Blork the orc
  5378 | D:6      | Killed Blork the orc
  5601 | D:6      | Found a bloodstained altar of Trog.
  6021 | D:5      | Reached XP level 9. HP: 77/81 MP: 9/9
  6088 | D:6      | Reached skill level 8 in Fighting
  6916 | D:6      | Found Duatan's Vocational Training.
  7490 | D:7      | Reached skill level 5 in Maces & Flails
  7654 | D:7      | Found a white marble altar of Elyvilon.
  7838 | D:7      | Noticed a deep elf pyromancer
  7844 | D:7      | Killed a deep elf pyromancer
  7845 | D:7      | Reached skill level 9 in Fighting
  8223 | D:8      | Reached XP level 10. HP: 91/91 MP: 10/10
  8751 | D:8      | Noticed Gastronok
  8780 | D:8      | Killed Gastronok
  8781 | D:8      | Reached skill level 10 in Fighting
  9246 | D:9      | Reached skill level 11 in Fighting
  9295 | D:9      | Noticed Grum
  9305 | D:9      | Killed Grum
  9625 | D:9      | Found an ancient bone altar of Kikubaaqudgha.
  9625 | D:9      | Found an ornate altar of the Wu Jian Council.
  9634 | D:9      | Noticed Psyche
  9665 | D:9      | Killed Psyche
  9666 | D:9      | Reached XP level 11. HP: 45/102 MP: 11/11
 10127 | D:9      | Found a staircase to the Orcish Mines.
 10168 | D:10     | Entered Level 10 of the Dungeon
 10332 | D:10     | Reached skill level 10 in Dodging
 10428 | D:10     | Noticed a two-headed ogre
 10490 | D:10     | Killed a two-headed ogre
 10550 | D:10     | Found a transporter.
 10551 | D:10     | Noticed a catoblepas
 10552 | D:10     | Noticed a stone giant
 10553 | D:10     | Found a transporter.
 10553 | D:10     | Noticed an orc knight
 10673 | D:10     | Paralysed by a hornet for 1 turns
 10772 | D:10     | Found an iron altar of Okawaru.
 10864 | D:10     | HP: 29/104 [troll (9)]
 10866 | D:10     | Reached skill level 12 in Fighting
 11209 | D:10     | Reached skill level 10 in Maces & Flails
 11318 | D:10     | Found a broken altar of Ashenzari.
 12126 | D:11     | Found a portal to a secret trove of treasure.
 13254 | D:11     | Found a staircase to the Lair.
 13413 | Lair:1   | Entered Level 1 of the Lair of Beasts
 13463 | Lair:1   | Found a blossoming altar of Fedhas.
 13804 | Lair:1   | Found a blossoming altar of Fedhas.
 13807 | Lair:1   | Noticed an oklob plant
 13810 | Lair:1   | Noticed an oklob plant
 13828 | Lair:1   | Reached skill level 13 in Fighting
 14017 | Lair:1   | Identified the +7 dagger "Qostug" {elec, rF+ Str+2}
 14189 | Lair:1   | Reached XP level 12. HP: 69/115 MP: 12/12
 15371 | Lair:2   | Found a hole to the Spider Nest.
 15481 | Lair:2   | Reached skill level 14 in Fighting
 15724 | Lair:2   | Noticed Nergalle
 15763 | Lair:1   | Killed Nergalle
 16319 | Lair:2   | Noticed a catoblepas
 16466 | Lair:2   | Reached skill level 1 in Armour
 16577 | Lair:3   | Found a staircase to the Swamp.
 16596 | Lair:2   | HP: 26/118 [bog body (14)]
 16596 | Lair:2   | HP: 10/118 [bog body (16)]
 16600 | Lair:2   | Mangled by a bog body

Illustrated notes

Levels and vault maps discovered:
D:1:      spicycebolla_arrival_transporter_tutorial, layout_basic
D:2:      layout_rooms, hellmonk_ecumenical_altar_run_dry
D:3:      layout_basic, lemuel_round_altar, cheibrodos_sewer_entry_sluice,
          minmay_misc_feat_plants, minmay_surrounded
D:4:      nicolae_cairo_tiling_large_dashed, layout_gridville,
          minmay_temple_entry_offerings, mrwooster_statue_mirror, uniq_grinder,
          uniq_crazy_yiuf_cottage
D:5:      layout_cave_pools, nemelex_dance_club_becter, grunt_ministairs_5
D:6:      layout_basic, trog_ov_bears_minmay, nicolae_shop_vocational,
          uniq_blork_the_orc
D:7:      cheibrodos_barr_body, layout_loops_cross, elyvilon_altar_4,
          nicolae_kite_square_tiling_tiny
D:8:      layout_loops_ring, serial_bayou_lake_a, uniq_gastronok
D:9:      layout_loops_ring, jmf_multi_god_temple, orc_0_dummy, uniq_psyche,
          uniq_grum
D:10:     layout_roguey, mainiacjoe_overflow_tiny_flanked,
          gammafunk_temple_overflow_arena, kennysheep_opposing_triangles
D:11:     layout_layer_cave, lair_entry_dummy, enter_trove_1, minivault_8
Lair:1:   layout_gridlike, basic_altar, hangedman_tree_tricks
Lair:2:   layout_roguey, spider_nest_entry_rubble,
          grunt_forest_small_clearing_treed, uniq_nergalle
Lair:3:   layout_regular_city, skrybe_swamp_entry_bodies,
          kennysheep_catoblepas_arena

Skill      XL: |  1  2  3  4  5  6  7  8  9 10 11 12 |
---------------+-------------------------------------+-----
Fighting       | 4 5 6 7 9 11 13 14 | 14.3
Axes           | 4 5 6 |  6.7
Dodging        | 1 2 3 4 6 7 9 11 12 | 12.6
Shields        | 1 2 3 5 6 8 |  8.0
Maces & Flails | 4 6 9 11 12 | 12.7
Armour         | 1 |  1.1
Spellcasting   | |  1.0
Fire Magic     | |  2.2

Action                   |  1- 3 |  4- 6 |  7- 9 | 10-12 || total
-------------------------+-------+-------+-------+-------++-------
Melee: Hand axe          |    78 |   213 |    17 |       ||   308
       Headbutt          |     7 |    23 |    49 |   106 ||   185
       Whip              |       |       |   295 |   577 ||   872
 Fire: Sling             |       |       |     4 |       ||     4
Throw: Dart              |       |       |       |    25 ||    25
Invok: Fiery Armour      |       |       |     1 |     1 ||     2
  Use: Scroll            |       |     5 |     8 |     5 ||    18
       Potion            |       |     1 |       |     1 ||     2
Armor: Chain mail        |    28 |    80 |   102 |    92 ||   302
       Robe              |     4 |       |       |       ||     4
Dodge: Dodged            |    29 |    54 |    93 |   130 ||   306
Block: Kite shield       |     5 |    52 |   118 |   212 ||   387

Table legend: (Time is in decaauts)
 A = Elapsed time spent in this place.
 B = Non-inter-level travel time spent in this place.
 C = Inter-level travel time spent in this place.
 D = Time resting spent in this place.
 E = Time spent auto-exploring this place.
 F = Levels seen in this place.
 G = Mean time per level.
                   A        B        C        D        E       F      G
               +--------+--------+--------+--------+--------+-----+--------+
         Total |  16685 |  15530 |   1155 |   1995 |  10390 |  15 | 1112.3 |
       Dungeon |  12308 |  11330 |    978 |   1205 |   7807 |  11 | 1118.9 |
          Lair |   3098 |   2922 |    176 |    614 |   1810 |   3 | 1032.7 |
         Sewer |   1278 |   1278 |      0 |    175 |    773 |   1 | 1278.0 |
               +--------+--------+--------+--------+--------+-----+--------+

Top non-repeatable levels by time:
  Lair:1: 1895 daAuts
    D:11: 1733 daAuts
     D:5: 1722 daAuts
    D:10: 1480 daAuts
     D:4: 1416 daAuts
   Sewer: 1278 daAuts
  Lair:2: 1184 daAuts
     D:9: 1077 daAuts
     D:8: 953 daAuts
     D:3: 929 daAuts
     D:6: 892 daAuts
     D:7: 803 daAuts
     D:1: 727 daAuts
     D:2: 571 daAuts
  Lair:3: 18 daAuts
